AoeStats
← GWmafia

Arabia

503810066Analyzed
2v2 RM · 1mo ago on Sep 2, 2026· 31m 55s· 4 players
Game mode
Random Map
Map size
Medium (4 player)
Population
200
Speed
Normal
Resources
Standard
Victory
Conquest
Starting age
Dark Age
Ending age
Imperial Age
RankedLock teamsTeams togetherTeam positionsShared explorationLock speedFull tech treeHidden civsTurbo modeCheats
Victory
Defeat
🇹🇷 Dravidians · Türkiye
1014
+13
🇹🇷 Khmer · Türkiye
1007
+13
🇸🇪 Franks · Sweden
955
-13
🇸🇪 Britons · Sweden
942
-13
lE ponk
6:58 Loom
10:55 Feudal Age
11:25 Double-Bit Axe
18:10 Gold Mining
21:16 Castle Age
20:55 Stone Mining
23:35 Husbandry
24:58 Gold Shaft Mining
24:48 Scale Barding Armor
28:21 Forging
GWmafia
9:43 Feudal Age
8:55 Loom
14:22 Wheelbarrow
15:41 Man-at-Arms
16:35 Forging
21:39 Castle Age
20:19 Fletching
21:48 Long Swordsman
22:29 Squires
22:39 Padded Archer Armor
22:49 Crossbowman
DÜBELCİ
6:27 Loom
9:38 Feudal Age
10:04 Double-Bit Axe
10:02 Horse Collar
13:41 Fletching
18:37 Padded Archer Armor
26:32 Castle Age
27:25 Husbandry
27:23 Bodkin Arrow
27:44 Leather Archer Armor
26:51 Elite Skirmisher
30:02 Bow Saw
30:22 Pikeman
31:03 Squires
32:34 Wheelbarrow
Ramazancimbisn
7:17 Loom
9:28 Feudal Age
10:20 Double-Bit Axe
11:32 Horse Collar
19:57 Castle Age
18:31 Gold Mining
28:37 Stone Mining
29:23 Gold Shaft Mining
Connection lost

Rejoining the realm…

Still unreachable

The connection could not be restored.

Session expired

The server has moved on; the page needs a fresh start.